 Dungeon Crawl Stone Soup version 0.16-a0-269-gd5b6136 (webtiles) character file.

69 Johnny the Chiller (level 3, 0/27 HPs)
             Began as a Demigod Ice Elementalist on Aug 26, 2014.
             Slain by Crazy Yiuf
             ... wielding a +4 quarterstaff of chaos
              (8 damage)
             ... on Level 2 of the Dungeon.
             The game lasted 00:06:44 (2522 turns).

Johnny the Chiller (Demigod Ice Elementalist)       Turns: 2522, Time: 00:06:52

HP   0/27        AC  2     Str 12      XL: 3   Next: 75%
MP   0/8         EV 13     Int 20      God:
Gold 83          SH  0     Dex 16      Spells:  2 memorised,  4 levels left

rFire  . . .     SeeInvis .     f - +2 short sword (elec)
rCold  . . .     Clarity  .     a - +0 robe
rNeg   . . .     rCorr    .     (no shield)
rPois  .         rRot     .     (no helmet)
rElec  .         Spirit   .     (no cloak)
SustAb .         Warding  .     (no gloves)
rMut   .         Stasis   .     (no boots)
Gourm  .                        (no amulet)
MR     .....                    (no ring)
                                (no ring)

@: not resistant to hostile enchantments, unstealthy
A: no striking features
a: no special abilities


You were on level 2 of the Dungeon.
You were not hungry.

You visited 1 branch of the dungeon, and saw 2 of its levels.

You collected 83 gold pieces.

Inventory:

Hand weapons
 f - a +2 short sword of electrocution (weapon)
Armour
 a - a +0 robe (worn)
Comestibles
 c - a bread ration
 i - a slice of pizza
 k - a meat ration
Scrolls
 e - a scroll of identify {unknown}
 h - a scroll of fog {unknown}
 l - a scroll of remove curse {unknown}
Jewellery
 g - an uncursed ring of poison resistance {unknown}
Potions
 d - a potion of flight {unknown}
 j - a potion of restore abilities {unknown}
Books
 b - a book of Frost

   Spells                             Type                      Level
   *Freeze                            Ice                          1
   *Throw Frost                       Conjuration/Ice              2
   Ozocubu's Armour                   Charms/Ice                   3
   Throw Icicle                       Conjuration/Ice              4
   Summon Ice Beast                   Ice/Summoning                4
   Condensation Shield                Ice                          4


   Skills:
 + Level 0.3 Fighting
 + Level 2.1 Dodging
 + Level 2.1 Stealth
 + Level 0.1 Unarmed Combat
 + Level 2.5 Spellcasting
 + Level 0.8 Conjurations
 + Level 3.4 Ice Magic


You had 4 spell levels left.
You knew the following spells:

 Your Spells              Type           Power        Failure   Level  Hunger
a - Freeze                Ice            ###.         3%          1    None
b - Throw Frost           Conj/Ice       ##....       12%         2    ##.....


Dungeon Overview and Level Annotations

Branches:
Dungeon (2/15)

Annotations:
D:2 Crazy Yiuf


Message History

Casting: Throw Frost
Confirm with . or Enter, or press ? or * to list all spells.
Aiming: Throw Frost
Press: ? - help, Shift-Dir - straight line, f/p - Crazy Yiuf
Aim: Crazy Yiuf, wielding a quarterstaff of chaos and wearing a glowing cloak (moderately wounded)
The puff of frost hits Crazy Yiuf.
Crazy Yiuf is heavily wounded.
Crazy Yiuf drinks a potion.
Crazy Yiuf seems to grow stronger.
Crazy Yiuf grits, "Defame!"
Crazy Yiuf barely misses you.
You hit Crazy Yiuf.
Crazy Yiuf is severely wounded.
Crazy Yiuf misses you.
You barely miss Crazy Yiuf.
Crazy Yiuf is severely wounded.
Crazy Yiuf hits you with a quarterstaff of chaos!
Ouch! That really hurt!
* * * LOW HITPOINT WARNING * * *
Crazy Yiuf burns you!
You die...

#.. ##... #.... #....
#.... #....
#############%...
###.#........#.....
#g@#...............
#.....####........##..(.
#)..# ##.......##....
### ##########....
#....% ##.... #####...
#..##### #....###


You could see Crazy Yiuf.

Vanquished Creatures
  Terence (D:2)
  2 adders (D:2)
  3 giant geckos
  An ooze (D:1)
  5 bats
  2 giant cockroaches
  7 goblins
  5 hobgoblins (D:1)
  3 giant newts
  6 kobolds
  2 rats (D:2)
37 creatures vanquished.

Notes
Turn   | Place    | Note
--------------------------------------------------------------
     0 | D:1      | Johnny, the Demigod Ice Elementalist, began the quest for the Orb.
     0 | D:1      | Reached XP level 1. HP: 14/14 MP: 3/3
   925 | D:1      | Reached skill level 3 in Ice Magic
   925 | D:1      | Reached XP level 2. HP: 20/20 MP: 2/4
   943 | D:1      | Learned a level 2 spell: Throw Frost
  1619 | D:2      | Reached XP level 3. HP: 16/26 MP: 1/8
  1977 | D:2      | Noticed Terence
  2008 | D:2      | Killed Terence
  2429 | D:2      | Found a snail-covered altar of Cheibriados.
  2514 | D:2      | Noticed Crazy Yiuf
  2522 | D:2      | Slain by Crazy Yiuf

Action                   || total
-------------------------++-------
Melee: Unarmed           ||    34
       Short sword       ||    15
 Cast: Freeze            ||    44
       Throw Frost       ||    18
  Eat: Chunk             ||     3
       Bread ration      ||     1
